AoeStats
← bthi68153

Black Forest

510540770Analyzed
4v4 RM · 1d ago on Oct 1, 2026· 52m 28s· 8 players
Game mode
Random Map
Map size
Large (8 player)
Population
200
Speed
Normal
Resources
Standard
Victory
Conquest
Starting age
Dark Age
Ending age
Imperial Age
RankedLock teamsTeams togetherTeam positionsShared explorationLock speedFull tech treeHidden civsTurbo modeCheats
Victory
Defeat
🇨🇴 Hindustanis · Colombia
1221
+15
🇩🇪 Persians · Germany
1187
+16
🇹🇼 Teutons · Taiwan
1181
+16
🇦🇺 Byzantines · Australia
1166
+17
🇻🇳 Shu · Vietnam
1243
-18
🇻🇳 Teutons · Vietnam
1221
-17
🇻🇳 Lithuanians · Vietnam
1160
-15
🇪🇸 Byzantines · Spain
1128
-14
Demshredz
1:37 Loom
12:20 Feudal Age
13:05 Horse Collar
13:14 Double-Bit Axe
16:12 Castle Age
16:58 Wheelbarrow
16:47 Heavy Plow
16:59 Bow Saw
22:32 Hand Cart
24:04 Gold Mining
24:18 Stone Mining
25:35 Stone Shaft Mining
26:04 Gold Shaft Mining
26:28 Bloodlines
26:51 Husbandry
27:04 Scale Barding Armor
27:26 Forging
33:07 Imperial Age
32:10 Chain Barding Armor
32:25 Iron Casting
34:08 Caravan
34:49 Conscription
33:51 Elite War Elephant
34:55 Conscription
35:15 Plate Barding Armor
35:50 Blast Furnace
37:52 Pikeman
38:32 Squires
38:18 Arson
39:33 Halberdier
40:19 Scale Mail Armor
40:44 Cavalier
ELO800
6:38 Loom
9:11 Feudal Age
11:48 Double-Bit Axe
13:28 Horse Collar
15:28 Fletching
18:17 Town Watch
33:54 Castle Age
36:25 Bow Saw
36:16 Heavy Plow
36:06 Gold Mining
36:08 Stone Mining
37:07 Pikeman
39:00 Wheelbarrow
38:31 Scale Mail Armor
38:42 Forging
39:32 Squires
39:48 Chain Mail Armor
39:52 Caravan
42:24 Fervor
44:39 Sanctity
46:00 Bodkin Arrow
46:07 Padded Archer Armor
46:41 Hand Cart
48:28 Guard Tower
49:54 Iron Casting
49:35 Leather Archer Armor
48:41 Elite Skirmisher
Keanoob Reeves
10:04 Feudal Age
20:23 Castle Age
18:40 Double-Bit Axe
20:59 Pikeman
28:58 Imperial Age
32:54 Hoardings
33:26 Fletching
33:36 Padded Archer Armor
35:52 Chemistry
35:33 Crossbowman
36:18 Thumb Ring
39:55 Leather Archer Armor
49:35 Caravan
49:49 Caravan
Dr. Consuegra
11:46 Feudal Age
12:36 Double-Bit Axe
15:29 Castle Age
13:52 Horse Collar
16:39 Bow Saw
18:48 Loom
19:45 Scale Barding Armor
19:51 Forging
24:14 Husbandry
24:14 Fishing Lines
25:45 Gillnets
28:30 Chain Barding Armor
29:03 Wheelbarrow
28:15 Town Watch
34:16 Imperial Age
32:54 Iron Casting
33:17 Gold Mining
33:19 Stone Mining
34:19 Scale Mail Armor
35:04 Caravan
35:39 Chain Mail Armor
36:24 Blast Furnace
36:48 Plate Barding Armor
36:56 Plate Barding Armor
36:12 Fletching
36:23 Heavy Camel Rider
39:18 Masonry
40:09 Chemistry
39:32 Conscription
39:53 Hoardings
39:47 Bloodlines
40:47 Two-Man Saw
39:49 Heavy Plow
39:47 Bodkin Arrow
40:08 Imperial Camel Rider
41:12 Elite Ghulam
41:57 Grand Trunk Road
52:08 Bracer
52:33 Ballistics
52:25 Careening
52:27 Clinker Construction
52:23 Shatagni
F5B01
0:29 Loom
13:47 Feudal Age
14:29 Double-Bit Axe
20:27 Horse Collar
24:35 Castle Age
24:08 Gold Mining
29:15 Imperial Age
26:57 Pikeman
27:53 Forging
27:44 Scale Mail Armor
27:57 Fletching
28:07 Padded Archer Armor
27:30 Crossbowman
28:31 Husbandry
28:39 Scale Mail Armor
30:05 Wheelbarrow
30:57 Light Cavalry
34:18 Stone Mining
37:05 Conscription
38:20 Hand Cart
38:40 Chain Mail Armor
39:36 Squires
38:59 Arbalester
39:39 Bodkin Arrow
39:59 Leather Archer Armor
41:45 Hoardings
40:49 Halberdier
42:58 Iron Casting
lequochuypy96
4:07 Loom
12:22 Feudal Age
14:33 Double-Bit Axe
17:36 Castle Age
15:31 Horse Collar
17:14 Wheelbarrow
17:42 Wheelbarrow
17:25 Fishing Lines
18:42 Bow Saw
19:01 Gillnets
20:59 Hand Cart
21:08 Gillnets
25:03 Heavy Plow
31:13 Imperial Age
28:43 Pikeman
29:24 Squires
29:09 Arson
29:25 Scale Mail Armor
29:35 Forging
30:50 Chain Mail Armor
32:24 Iron Casting
31:55 Scale Barding Armor
32:56 Two-Man Saw
32:30 Crop Rotation
33:40 Two-Man Saw
33:13 Plate Mail Armor
32:07 Cavalier
32:42 Gold Mining
32:46 Stone Mining
33:10 Bloodlines
34:37 Blast Furnace
34:19 Chain Barding Armor
34:26 Halberdier
35:52 Paladin
36:53 Caravan
37:12 Fletching
38:24 Chemistry
38:05 Caravan
38:36 Coinage
38:16 Guilds
39:26 Bodkin Arrow
40:09 Plate Barding Armor
40:29 Stone Shaft Mining
40:41 Conscription
42:08 Crenellations
42:23 Hoardings
41:46 Bodkin Arrow
Arch1tect
1:19 Loom
9:58 Feudal Age
14:32 Castle Age
41:39 Double-Bit Axe
bthi68153
10:19 Feudal Age
16:06 Castle Age
14:01 Horse Collar
14:08 Double-Bit Axe
14:51 Stone Mining
16:47 Forging
22:38 Scale Mail Armor
23:10 Scale Barding Armor
22:53 Pikeman
24:52 Gold Mining
25:55 Scale Mail Armor
36:51 Heavy Plow
37:28 Wheelbarrow
41:10 Imperial Age
39:38 Chain Mail Armor
40:02 Bow Saw
39:57 Squires
40:21 Man-at-Arms
40:46 Light Cavalry
41:37 Bloodlines
41:20 Halberdier
41:22 Long Swordsman
44:17 Winged Hussar
Connection lost

Rejoining the realm…

Still unreachable

The connection could not be restored.

Session expired

The server has moved on; the page needs a fresh start.